 Dungeon Crawl Stone Soup version bcrawl-1.23 (webtiles) character file.

Game seed: 11219701770539386461

56 Delver the Caller (level 3, 0/19 HPs)
             Began as an Avariel Summoner on May 29, 2020.
             Slain by a gnoll
             ... wielding a +0 halberd
              (15 damage)
             ... on level 3 of the Dungeon.
             The game lasted 00:39:36 (2668 turns).

Delver the Caller (Avariel Summoner)                Turns: 2668, Time: 00:39:37

Health: 0/19       AC:  3    Str:  7    XL:     3   Next: 97%
Magic:  7/10       EV: 16    Int: 20    God:
Gold:   130        SH:  0    Dex: 13    Spells: 6/9 levels left

rFire    . . .     SeeInvis .   s - +0 whip
rCold    . . .     Gourm    .   (no shield)
rNeg     . . .     Faith    .   a - +1 robe
rPois    .         Spirit   .   (no helmet)
rElec    .         Reflect  .   (no cloak)
rCorr    .         Harm     .   (no gloves)
MR       .....                  (no boots)
Stlth    ++........             (no amulet)
HPRegen  0.06/turn              r - +4 ring of evasion
MPRegen  0.12/turn              (no ring)

@: no status effects
A: no striking features
a: no special abilities


You were on level 3 of the Dungeon.
You were not hungry.

You visited 1 branch of the dungeon, and saw 3 of its levels.

You collected 130 gold pieces.

Inventory:

Hand Weapons
 h - a +0 short sword
 i - a +0 club
 l - a +0 club
 n - a +0 dagger
 o - a +0 flail
 p - a +0 hunting sling
 s - a +0 whip (weapon)
 t - a +0 dagger of venom
 v - a +0 hand axe
Missiles
 d - 377 stones (quivered)
 f - 388 arrows
 j - 105 bolts
Armour
 a - a +1 robe (worn)
 q - a +0 ring mail
 w - a cursed -2 leather armour
Jewellery
 r - a +4 ring of evasion (left hand)
Scrolls
 b - a scroll of identify
 c - a scroll of summoning
 k - a scroll of enchant armour
 m - 2 scrolls of amnesia
Potions
 g - a potion of berserk rage
 u - a potion of ambrosia
Comestibles
 e - 2 rations {!d}


   Skills:
 + Level 0.2 Fighting
 * Level 1.3 Short Blades
 + Level 2.2 Dodging
 + Level 2.2 Stealth
 + Level 3.6 Spellcasting
 + Level 5.6 Summonings


You had 6 spell levels left.
You knew the following spells:

 Your Spells              Type           Power        Failure   Level  Hunger
a - Summon Small Mammal   Summ           ####         1%          1    None
b - Call Imp              Summ           ####..       1%          2    ##.....

Your spell library contained the following spells:

 Spells                   Type           Power        Failure   Level  Hunger
 Call Canine Familiar     Summ           ####....     4%          3    ###....
 Summon Ice Beast         Ice/Summ       ##......     38%         4    ####...
 Summon Lightning Spire   Summ/Air       ##......     75%         5    ######.


Dungeon Overview and Level Annotations

Branches:
Dungeon (3/12)

Altars:


Message History

The gnoll is severely wounded.
The gnoll hits you with a +0 whip.
Your crimson imp hits the gnoll.
You closely miss the gnoll.
The gnoll is almost dead.
The gnoll barely misses you. The gnoll misses you.
Your crimson imp hits the gnoll but does no damage.
Your iron imp barely misses the gnoll.
You catch the helpless gnoll completely off-guard!
You hit the gnoll but do no damage.
The gnoll is almost dead.
The gnoll hits you but does no damage. x2; Your crimson imp hits the gnoll.
The gnoll dies!
You swap places.
The gnoll misses you.
Things that are here:
a +0 whip; a gnoll corpse You swap places.
Your crimson imp blinks! x2
The gnoll hits you from afar with a +0 halberd!
Ouch! That really hurt!
You die...

... #.# #.# #. #.#
#.# .##. #.# #.#
#.##. #.### #†# #.##.
#.#.## #)###.##.#
#..#.# #g§##.##.#
###..#
####5§.#.##.######...
+..5@................
####.........#####...
#..##.###.#####..#
#.###$# #.##...5..
#.###.###.##.##.##
#.##.5.##5##.##.##
#.###.###.##......
#.# #.# #.##..#..#
####.###.###.##..##.#


You could see a gnoll, a friendly iron imp and a friendly crimson imp.

Vanquished Creatures
  A giant cockroach (D:2)
  2 hobgoblins
  3 kobolds
  2 quokkas
  2 frilled lizards
  3 rats
13 creatures vanquished.

Vanquished Creatures (collateral kills)
  A hound (D:2)
  A gnoll (D:3)
  3 dart slugs
  A ball python (D:1)
  2 goblins (D:2)
  5 hobgoblins
  6 jackals
  5 bats
  2 frilled lizards
  4 kobolds
  A rat (D:2)
31 creatures vanquished.

Grand Total: 44 creatures vanquished

Notes
Turn   | Place    | Note
-------+----------+-------------------------------------------
     0 | D:1      | Delver the Avariel Summoner began the quest for the Orb.
     0 | D:1      | Reached XP level 1. HP: 10/10 MP: 6/6
   546 | D:1      | Reached skill level 5 in Summonings
   923 | D:1      | Reached skill level 1 in Short Blades
   923 | D:1      | Reached XP level 2. HP: 4/15 MP: 4/7
   927 | D:1      | Learned a level 2 spell: Call Imp
  2112 | D:2      | Reached XP level 3. HP: 19/19 MP: 2/9
  2668 | D:3      | Slain by a gnoll

Skill      XL: |  1  2 |
---------------+-------+-----
Summonings     | 5 |  5.6
Short Blades   | 1 |  1.3
Spellcasting   | 3 |  3.6
Fighting       | |  0.2
Dodging        | |  2.2
Stealth        | |  2.2

Action                   || total
-------------------------++-------
Melee: Short sword       ||    21
       Unarmed           ||     1
       Whip              ||     3
 Fire: Hunting sling     ||    11
Throw: Stone             ||    19
 Cast: Summon Small Mamm ||    44
       Call Imp          ||    25
  Use: Scroll            ||     6
       Potion            ||     4
 Stab: Sleeping          ||     2
       Distracted        ||     1
  Eat: Ration            ||     2
       Chunk             ||     2
Armor: Robe              ||     9
Dodge: Dodged            ||    37
